SL
ATHLETIC CLUB KC @ CHICAGO GOLD SOX
06/16/2032
 
TOP OF THE 1ST
Athletic Club KC batting - Pitching for Chicago Gold Sox : RHP Eddie Kop
Pitching: RHP Eddie Kop
Batting: LHB Pablo Hernández 0-0: DOUBLE (Groundball, 3L)
Batting: RHB Jesús Vargas 0-0: Ball
1-0: Called Strike
1-1: SINGLE (Groundball, 3D)
Pablo Hernández to third
Batting: SHB Pedro Vázquez 0-0: Ball
Jesús Vargas is caught stealing 2nd base
1-0: Foul Ball, location: 2F
1-1: SINGLE (Groundball, 56D)
Pablo Hernández scores
Batting: LHB Tsai Ng 0-0: Ball
1-0: Ball
2-0: Called Strike
2-1: Called Strike
2-2: Strikes out swinging
Batting: LHB Jesús Reyes 0-0: Foul Ball, location: 2F
0-1: Ball
1-1: Called Strike
1-2: Foul Ball, location: 2F
1-2: Ball
2-2: Ball
3-2: Fly out, F4 (Line Drive, 4)
Top of the 1st over - 1 run, 3 hits, 0 errors, 1 left on base; Athletic Club KC 1 - Chicago 0
BOTTOM OF THE 1ST
Chicago Gold Sox batting - Pitching for Athletic Club KC : RHP Ton Jobse
Pitching: RHP Ton Jobse
Batting: LHB Noel Ballard 0-0: Ball
1-0: Called Strike
1-1: Ball
2-1: Ball
3-1: Swinging Strike
3-2: Ground out 6-3 (Groundball, 6)
Batting: RHB Jeb Sexton 0-0: Called Strike
0-1: Ball
1-1: Ball
2-1: Ground out 4-3 (Groundball, 4D)
Batting: RHB Norman Winston 0-0: SINGLE (Flyball, 89S)
Batting: RHB Zeus Preckwinkle 0-0: Called Strike
0-1: Ground out 5-3 (Groundball, 56)
Bottom of the 1st over - 0 runs, 1 hit, 0 errors, 1 left on base; Athletic Club KC 1 - Chicago 0
TOP OF THE 2ND
Athletic Club KC batting - Pitching for Chicago Gold Sox : RHP Eddie Kop
Batting: RHB Andrés Medina 0-0: Ball
1-0: Called Strike
1-1: Ground out 6-3 (Groundball, 6)
Batting: LHB Matt Herman 0-0: Ball
1-0: Ball
2-0: Called Strike
2-1: Ground out U3 (Groundball, 3)
Batting: LHB Wu-shun Chu 0-0: Ground out U3 (Groundball, 3)
Top of the 2nd over - 0 runs, 0 hits, 0 errors, 0 left on base; Athletic Club KC 1 - Chicago 0
BOTTOM OF THE 2ND
Chicago Gold Sox batting - Pitching for Athletic Club KC : RHP Ton Jobse
Batting: SHB Lupo Cotto 0-0: Swinging Strike
0-1: Fly out, F9 (Flyball, 9S)
Batting: LHB Shigenobu Ohayashi 0-0: Bunt - Flyout! F1
Batting: LHB Sergio Rodríguez 0-0: Ball
1-0: Called Strike
1-1: Ball
2-1: Foul Ball, location: 2F
2-2: Fly out, F8 (Flyball, 8RM)
Bottom of the 2nd over - 0 runs, 0 hits, 0 errors, 0 left on base; Athletic Club KC 1 - Chicago 0
TOP OF THE 3RD
Athletic Club KC batting - Pitching for Chicago Gold Sox : RHP Eddie Kop
Batting: RHB Khal Drogo 0-0: Ball
1-0: Ball
2-0: SINGLE (Line Drive, 9S)
Batting: LHB Pablo Hernández 0-0: Called Strike
0-1: Called Strike
0-2: Ball
1-2: Grounds into double play, 4-6-3 (Groundball, 4)
Batting: RHB Jesús Vargas 0-0: Ball
1-0: Swinging Strike
1-1: Ground out 6-3 (Groundball, 6)
Top of the 3rd over - 0 runs, 1 hit, 0 errors, 0 left on base; Athletic Club KC 1 - Chicago 0
BOTTOM OF THE 3RD
Chicago Gold Sox batting - Pitching for Athletic Club KC : RHP Ton Jobse
Batting: RHB Jorge Baker 0-0: Ball
1-0: Ball
2-0: Ball
3-0: Called Strike
3-1: Base on Balls
Batting: RHB Gomez Talone 0-0: Ball
1-0: Ball
2-0: Foul Ball, location: 2F
2-1: Fly out, F8 (Flyball, 89D)
Batting: LHB Noel Ballard 0-0: Foul Ball, location: 2F
0-1: Grounds into double play, 4-6-3 (Groundball, 4)
Bottom of the 3rd over - 0 runs, 0 hits, 0 errors, 0 left on base; Athletic Club KC 1 - Chicago 0
TOP OF THE 4TH
Athletic Club KC batting - Pitching for Chicago Gold Sox : RHP Eddie Kop
Batting: SHB Pedro Vázquez 0-0: Ball
1-0: Ball
2-0: Called Strike
2-1: SINGLE (Groundball, 56D)
Batting: LHB Tsai Ng 0-0: Called Strike
0-1: Called Strike
0-2: Ball
Wild Pitch!
Pedro Vázquez to second
1-2: Foul Ball, location: 2F
1-2: Ball
2-2: Fly out, F9 (Flyball, 89S)
Batting: LHB Jesús Reyes 0-0: Called Strike
0-1: Ball
1-1: Fly out, F5 (Line Drive, 56)
Batting: RHB Andrés Medina 0-0: Ball
1-0: 2-RUN HOME RUN (Flyball, 7LD), Distance : 375 ft
Batting: LHB Matt Herman 0-0: Swinging Strike
0-1: SINGLE (Groundball, 34D)
Batting: LHB Wu-shun Chu 0-0: Ball
1-0: Called Strike
1-1: Ground out 4-3 (Groundball, 4)
Top of the 4th over - 2 runs, 3 hits, 0 errors, 1 left on base; Athletic Club KC 3 - Chicago 0
BOTTOM OF THE 4TH
Chicago Gold Sox batting - Pitching for Athletic Club KC : RHP Ton Jobse
Batting: RHB Jeb Sexton 0-0: Ground out 5-3 (Groundball, 56)
Batting: RHB Norman Winston 0-0: Ground out 1-3 (Groundball, 13S)
Batting: RHB Zeus Preckwinkle 0-0: Swinging Strike
0-1: Swinging Strike
0-2: Ball
1-2: Foul Ball, location: 2F
1-2: Ball
2-2: Foul Ball, location: 2F
2-2: Foul Ball, location: 2F
2-2: Strikes out swinging
Bottom of the 4th over - 0 runs, 0 hits, 0 errors, 0 left on base; Athletic Club KC 3 - Chicago 0
TOP OF THE 5TH
Athletic Club KC batting - Pitching for Chicago Gold Sox : RHP Eddie Kop
Batting: RHB Khal Drogo 0-0: Called Strike
0-1: Ball
1-1: Swinging Strike
1-2: Ball
2-2: Fly out, F9 (Flyball, 9)
Batting: LHB Pablo Hernández 0-0: Called Strike
0-1: Swinging Strike
0-2: Ball
1-2: Ball
2-2: Fly out, F7 (Flyball, 7LM)
Batting: RHB Jesús Vargas 0-0: Ball
1-0: Ball
2-0: Foul Ball, location: 2F
2-1: Ball
3-1: SINGLE (Flyball, 89S)
Batting: SHB Pedro Vázquez 0-0: Called Strike
0-1: Ball
1-1: Ground out 3-1 (Groundball, 3)
Top of the 5th over - 0 runs, 1 hit, 0 errors, 1 left on base; Athletic Club KC 3 - Chicago 0
BOTTOM OF THE 5TH
Chicago Gold Sox batting - Pitching for Athletic Club KC : RHP Ton Jobse
Batting: SHB Lupo Cotto 0-0: Ball
1-0: Ball
2-0: Ball
3-0: Called Strike
3-1: Ground out 4-3 (Groundball, 4)
Batting: LHB Shigenobu Ohayashi 0-0: Ball
1-0: Ball
2-0: Called Strike
2-1: Ball
3-1: Base on Balls
Batting: LHB Sergio Rodríguez 0-0: Foul Ball, location: 2F
0-1: SINGLE (Groundball, 3L) (infield hit)
Shigenobu Ohayashi to second
Batting: RHB Jorge Baker 0-0: Called Strike
0-1: Ball
1-1: Ball
2-1: Foul Ball, location: 2F
2-2: Foul Ball, location: 2F
2-2: Fly out, F9 (Flyball, 9)
Batting: RHB Gomez Talone 0-0: Called Strike
0-1: Ball
1-1: Called Strike
1-2: Ground out 4-3 (Groundball, 4S)
Bottom of the 5th over - 0 runs, 1 hit, 0 errors, 2 left on base; Athletic Club KC 3 - Chicago 0
TOP OF THE 6TH
Athletic Club KC batting - Pitching for Chicago Gold Sox : RHP Eddie Kop
Batting: LHB Tsai Ng 0-0: Ball
1-0: Fly out, F8 (Flyball, 8LXD)
Batting: LHB Jesús Reyes 0-0: Ball
1-0: Called Strike
1-1: Ground out 4-3 (Groundball, 4M)
Batting: RHB Andrés Medina 0-0: Called Strike
0-1: Ball
1-1: Ball
2-1: Ball
3-1: Foul Ball, location: 2F
3-2: Foul Ball, location: 2F
3-2: Ground out 5-3 (Groundball, 5S)
Top of the 6th over - 0 runs, 0 hits, 0 errors, 0 left on base; Athletic Club KC 3 - Chicago 0
BOTTOM OF THE 6TH
Chicago Gold Sox batting - Pitching for Athletic Club KC : RHP Ton Jobse
Batting: LHB Noel Ballard 0-0: Ball
1-0: Called Strike
1-1: Ball
2-1: Ball
3-1: Base on Balls
Batting: RHB Jeb Sexton 0-0: Ball
1-0: Called Strike
1-1: Ball
2-1: Sac Bunt - play at second, runner OUT! 1-6
Batting: RHB Norman Winston 0-0: Called Strike
0-1: Ball
1-1: Ball
2-1: Foul Ball, location: 2F
2-2: Strikes out swinging
Batting: RHB Zeus Preckwinkle 0-0: Ball
1-0: Ball
2-0: Foul Ball, location: 2F
2-1: Foul Ball, location: 2F
2-2: Foul Ball, location: 2F
2-2: 2-RUN HOME RUN (Flyball, 7D), Distance : 391 ft
Batting: SHB Lupo Cotto 0-0: Swinging Strike
0-1: Ball
1-1: Called Strike
1-2: Ball
2-2: Foul Ball, location: 2F
2-2: Foul Ball, location: 2F
2-2: Ball
3-2: Strikes out swinging
Bottom of the 6th over - 2 runs, 1 hit, 0 errors, 0 left on base; Athletic Club KC 3 - Chicago 2
TOP OF THE 7TH
Athletic Club KC batting - Pitching for Chicago Gold Sox : RHP Eddie Kop
Batting: LHB Matt Herman 0-0: Ball
1-0: DOUBLE (Flyball, 78D)
Batting: LHB Wu-shun Chu 0-0: Intentional Walk
Pitching: LHP Esteban Jiménez
Batting: RHB Khal Drogo 0-0: Called Strike
0-1: Sac Bunt - play at first, batter OUT! 3-4
Matt Herman to third
Wu-shun Chu to second
Batting: LHB Pablo Hernández 0-0: Ball
1-0: Ball
2-0: Called Strike
2-1: Foul Ball, location: 2F
2-2: Strikes out swinging
Batting: RHB Jesús Vargas 0-0: Called Strike
0-1: Ball
1-1: Ball
2-1: Ball
3-1: Base on Balls
Batting: SHB Pedro Vázquez 0-0: Ball
1-0: Called Strike
1-1: Foul Ball, location: 2F
1-2: Strikes out swinging
Top of the 7th over - 0 runs, 1 hit, 0 errors, 3 left on base; Athletic Club KC 3 - Chicago 2
BOTTOM OF THE 7TH
Chicago Gold Sox batting - Pitching for Athletic Club KC : RHP Ton Jobse
Batting: LHB Shigenobu Ohayashi 0-0: Called Strike
0-1: Ball
1-1: SINGLE (Flyball, 78S)
Batting: LHB Sergio Rodríguez 0-0: Ball
Shigenobu Ohayashi steals 2nd base
1-0: Swinging Strike
1-1: Swinging Strike
1-2: Ball
2-2: Ball
3-2: Strikes out looking
Batting: RHB Jorge Baker 0-0: Ball
1-0: Ball
2-0: Called Strike
2-1: Ball
3-1: Foul Ball, location: 2F
3-2: Base on Balls
Batting: RHB Gomez Talone 0-0: Fly out, F9 (Flyball, 89D)
Runner from 2nd tags up, SAFE at 3rd, no throw
Batting: LHB Noel Ballard 0-0: Called Strike
0-1: Ball
1-1: Fly out, F7 (Flyball, 78M)
Bottom of the 7th over - 0 runs, 1 hit, 0 errors, 2 left on base; Athletic Club KC 3 - Chicago 2
TOP OF THE 8TH
Athletic Club KC batting - Pitching for Chicago Gold Sox : LHP Esteban Jiménez
Pitching: LHP Dan Crowder
Batting: LHB Tsai Ng 0-0: Called Strike
0-1: Ball
1-1: Foul Ball, location: 2F
1-2: Strikes out swinging
Batting: LHB Jesús Reyes 0-0: Ball
1-0: Ball
2-0: Ball
3-0: Called Strike
3-1: Swinging Strike
3-2: Ground out U3 (Groundball, 34)
Batting: RHB Andrés Medina 0-0: Ground out 6-3 (Groundball, 56)
Top of the 8th over - 0 runs, 0 hits, 0 errors, 0 left on base; Athletic Club KC 3 - Chicago 2
BOTTOM OF THE 8TH
Chicago Gold Sox batting - Pitching for Athletic Club KC : RHP Ton Jobse
Pitching: RHP Raúl Luna
Batting: RHB Jeb Sexton 0-0: Ball
1-0: Foul Ball, location: 2F
1-1: Foul Ball, location: 2F
1-2: Strikes out swinging
Batting: RHB Norman Winston 0-0: Called Strike
0-1: Foul Ball, location: 2F
0-2: Ball
1-2: Foul Ball, location: 2F
1-2: Ball
2-2: Strikes out swinging
Batting: RHB Zeus Preckwinkle 0-0: Ball
1-0: Fly out, F4 (Line Drive, 4)
Bottom of the 8th over - 0 runs, 0 hits, 0 errors, 0 left on base; Athletic Club KC 3 - Chicago 2
TOP OF THE 9TH
Athletic Club KC batting - Pitching for Chicago Gold Sox : LHP Dan Crowder
Batting: LHB Matt Herman 0-0: Called Strike
0-1: Ball
1-1: Ball
2-1: Swinging Strike
2-2: Foul Ball, location: 2F
2-2: Strikes out swinging
Batting: LHB Wu-shun Chu 0-0: Called Strike
0-1: DOUBLE (Line Drive, 9LM)
Batting: RHB Khal Drogo 0-0: Called Strike
0-1: Foul Ball, location: 2F
0-2: Reached via error on a dropped throw, E3
Wu-shun Chu to third
Batting: LHB Pablo Hernández 0-0: Called Strike
0-1: Ball
1-1: Ball
2-1: Ball
3-1: SINGLE (Flyball, 56D)
Wu-shun Chu scores
Khal Drogo to second
Batting: RHB Jesús Vargas 0-0: Swinging Strike
0-1: SINGLE (Line Drive, 56D)
Khal Drogo to third
Pablo Hernández to second
Batting: SHB Pedro Vázquez 0-0: Ball
1-0: Foul Ball, location: 2F
1-1: Ball
2-1: Foul Ball, location: 2F
2-2: Ball
3-2: SINGLE (Line Drive, 4D)
Khal Drogo scores
Pablo Hernández to third
Jesús Vargas to second
Pinch Hitting: RHB Karl Schultz 0-0: Ball
1-0: Foul Ball, location: 2F
1-1: Ball
2-1: Grounds into double play, 5-2-3 (Groundball, 5S)
Top of the 9th over - 2 runs, 4 hits, 1 error, 2 left on base; Athletic Club KC 5 - Chicago 2
BOTTOM OF THE 9TH
Chicago Gold Sox batting - Pitching for Athletic Club KC : RHP Raúl Luna
Now in LF: Karl Schultz
Batting: SHB Lupo Cotto 0-0: Ball
1-0: Ball
2-0: Ball
3-0: Called Strike
3-1: Base on Balls
Batting: LHB Shigenobu Ohayashi 0-0: Called Strike
0-1: Called Strike
0-2: Strikes out swinging
Batting: LHB Sergio Rodríguez 0-0: Called Strike
0-1: SINGLE (Line Drive, 56D)
Lupo Cotto to second
Batting: RHB Jorge Baker 0-0: Called Strike
0-1: Fly out, F7 (Flyball, 78M)
Batting: RHB Gomez Talone 0-0: Swinging Strike
0-1: Foul Ball, location: 2F
0-2: Ball
1-2: Strikes out swinging
Bottom of the 9th over - 0 runs, 1 hit, 0 errors, 2 left on base; Athletic Club KC 5 - Chicago 2
Wednesday, September 19th, 2018 - OOTP Baseball 18.8 Build 76